 Dungeon Crawl Stone Soup version 0.28.0-1-gb440e238dd (webtiles) character file.

Game seed: 10230184263908420966

102 issech the Cudgeller (level 4, 0/12 (44) HPs)
             Began as a Troll Monk on Feb 25, 2022.
             Slain by Terence (4 damage)
             ... on level 3 of the Dungeon.
             The game lasted 00:06:33 (1915 turns).

issech the Cudgeller (Troll Monk)                   Turns: 1915, Time: 00:06:34

HP:   0/12 (44)     AC:  4    Str: 19    XL:     4   Next: 49%
MP:   3/3           EV: 10    Int:  6    God:
Gold: 86            SH:  0    Dex: 14    Spells: 3/3 levels left

rFire   . . .      SeeInvis .   a - +0 mace
rCold   . . .      Faith    .   (no shield)
rNeg    + . .      Spirit   .   b - +0 robe
rPois   .          Reflect  .   (helmet restricted)
rElec   .          Harm     .   (no cloak)
rCorr   .          Rampage  .   (gloves unavailable)
Will    +....                   (boots unavailable)
Stlth   ++........              (no amulet)
HPRegen 0.84/turn               o - ring of positive energy
MPRegen 0.08/turn               p - ring of willpower

@: extremely drained
A: large, unfitting armour, claws 3, regeneration 1, shaggy fur 1, tough skin 1
a: no special abilities


You were on level 3 of the Dungeon.
You visited 1 branch of the dungeon, and saw 4 of its levels.

You collected 86 gold pieces.

Inventory:

Hand Weapons
 a - a +0 mace (weapon)
 s - a +1 dagger of draining
Missiles
 d - 41 arrows
 e - 17 sling bullets
 h - 74 stones (quivered)
 l - 5 poisoned darts
Armour
 b - a +0 robe (worn)
Jewellery
 o - a ring of positive energy (left claw)
 p - a ring of willpower (right claw)
Scrolls
 c - a scroll of enchant weapon {unknown}
 f - a scroll of torment {unknown}
 g - a scroll of fog {unknown}
 i - a scroll of acquirement {unknown}
 n - a scroll of magic mapping {unknown}
 q - a scroll of teleportation {unknown}
 r - 2 scrolls of identify {unknown}
Potions
 j - a potion of haste {unknown}
 k - a potion of heal wounds {unknown}
 m - 2 potions of brilliance {unknown}


   Skills:
 + Level 2.8 Fighting
 + Level 3.6 Maces & Flails
 + Level 3.2 Dodging
 + Level 1.2 Stealth


You had 3 spell levels left.
You didn't know any spells.
Your spell library contained the following spells:

 Spells                   Type           Power      Damage    Failure   Level
 Ensorcelled Hibernation  Hex/Ice        0%         N/A       58%         2
 Spider Form              Tmut/Pois      0%         N/A       83%         3
 Anguish                  Hex/Necr       0%         N/A       99%         4


Dungeon Overview and Level Annotations

Branches:
Dungeon (4/15)
 Temple: D:4-7

Altars:
Ru

Annotations:
D:3 Terence


Innate Abilities, Weirdness & Mutations

You are too large for most types of armour.
You have claws for hands.
Your natural rate of healing is unusually fast.
You are covered in fur. (AC +1)
You have tough skin. (AC +1)


Message History

Ouch! That really hurt!
You barely miss Terence.
Terence is moderately wounded.
Terence barely misses you.
You hit Terence but do no damage.
Terence is moderately wounded.
Terence says, "Rest in peace."
Terence hits you with a +0 flail.
* * * LOW HITPOINT WARNING * * *
You hit Terence.
Terence is heavily wounded.
Terence barely misses you.
You hit Terence. You claw Terence.
Terence is almost dead.
Terence hits you but does no damage.
Found a book of Changes.
Terence completely misses you. Terence barely misses you.
You closely miss Terence.
Terence is severely wounded.
Terence hits you with a +0 flail. Terence hits you with a +0 flail!
Ouch! That really hurt!
* * * LOW HITPOINT WARNING * * *
Found 11 gold pieces.
Terence bares his teeth.
Terence says, "Rest in peace."
You completely miss Terence.
Terence is severely wounded.
Terence hits you with a +0 flail. Terence barely misses you.
You hit Terence.
Terence is severely wounded.
Terence hits you with a +0 flail.
You hit Terence.
Terence is almost dead.
Terence hits you with a +0 flail.
Ouch! That really hurt!
* * * LOW HITPOINT WARNING * * *
Terence hits you with a +0 flail.
You die...

##.# #.#
#..####### #.#
#........###.##
#.:...........###
#................
##........#.###.##
#....####.#.# #.#
#@........#.###.#
#@...######.....#
#....# ##.####
#....# ###.####
.$...# #......#
##.### #...##.##
.# #.#.##..# ..
.......... ..
###...##...
#..###...


You could see Terence.

Vanquished Creatures
  Ijyb (D:3)
  2 adders (D:2)
  3 dart slugs
  3 bats (D:1)
  2 endoplasms
  2 giant cockroaches
  8 goblins
  5 hobgoblins
  6 quokkas
  4 ball pythons
  4 frilled lizards
  6 kobolds
  5 rats
51 creatures vanquished.

Vanquished Creatures (others)
  3 plants (D:1)
  3 withered plants (D:1)
6 creatures vanquished.

Grand Total: 57 creatures vanquished

Notes
Turn   | Place    | Note
-------+----------+-------------------------------------------
     0 | D:1      | issech the Troll Monk began the quest for the Orb.
     0 | D:1      | Reached XP level 1. HP: 22/22 MP: 0/0
     7 | D:1      | Found a faded altar of an unknown god.
   136 | D:1      | Reached XP level 2. HP: 26/29 MP: 1/1
   460 | D:1      | Reached XP level 3. HP: 36/36 MP: 2/2
  1505 | D:2      | Reached XP level 4. HP: 44/44 MP: 3/3
  1515 | D:2      | You fall into a shaft and drop 2 floors!
  1515 | D:4      | Noticed a scorpion
  1535 | D:4      | Noticed a scorpion
  1621 | D:4      | Found a sacrificial altar of Ru.
  1747 | D:3      | Noticed Ijyb
  1837 | D:3      | Killed Ijyb
  1878 | D:3      | Noticed Terence
  1915 | D:3      | Slain by Terence

Illustrated notes

Levels and vault maps discovered:
D:1:      minmay_arrival_three_doors, layout_basic,
          shapermc_ecumenical_altar_flowoftime, chequers_serial_rivers_large_a,
          st_stairs_9, kennysheep_nondescript
D:2:      layout_loops_corners, mrwooster_statue_mirror,
          minmay_misc_feat_columns, serial_bayou_pond_a, palyth_stone_intersect,
          uniq_crazy_yiuf_cottage
D:3:      minmay_angry_zag, layout_loops_cross, mainiacjoe_overflow_catwalk,
          uniq_ijyb, uniq_terence
D:4:      layout_loops_cross, mainiacjoe_overflow_six_doors_small,
          nicolae_ru_sacrificial_ziggurat

Skill      XL: |  1  2  3 |
---------------+----------+-----
Maces & Flails | 3 |  3.6
Dodging        | 3 |  3.2
Fighting       | |  2.8
Stealth        | |  1.2

Action                   |  1- 3 |  4- 6 || total
-------------------------+-------+-------++-------
Melee: Mace              |   132 |    63 ||   195
       Punch             |     1 |     1 ||     2
 Stab: Sleeping          |     5 |       ||     5
Armor: Robe              |    49 |    17 ||    66
Dodge: Dodged            |    77 |    46 ||   123
